Map: Discordance EC

Players

ShoWTimE - Winner!

  • Race: Protoss Protoss
  • Spawn Location: 7:00

ShaDoWn

  • Race: Protoss Protoss
  • Spawn Location: 1:00

Event: 2019 WCS Summer

VOD

Have the link to the VOD?

Description

Time

  • Played on: July 12, 2019, 9:35 a.m.
  • Length: 18:43

All games in this series

Show
View Real Time Build Order
Export as new Build Order

ShoWTimE Protoss - Winner!

Build Orders: Phoenix Opening, Zealot Archon 

Get SALT Encoding   

  12  0:01  Probe  
  13  0:13  Probe  
  14  0:17  Pylon  
  14  0:24  Probe  
  15  0:32  Probe  
  15  0:37  Gateway  
  15  0:40  Probe  
  16  0:46  Assimilator  
  17  0:51  Probe  
  17  0:54  Assimilator  
  18  0:59  Probe  
  19  1:07  Probe  
  19  1:11  Gateway  
  19  1:17  Probe  
  20  1:24  Cybernetics Core  
  21  1:30  Probe  
  22  1:35  Pylon  
  22  1:42  Probe  
  23  1:54  Probe  
  24  2:00  Stalker x2  
  28  2:04  Warp Gate  
  28  2:13  Pylon  
  28  2:15  Probe  
  29  2:31  Sentry  
  29  2:32  Sentry  
  33  2:47  Shield Battery  
  33  2:56  Probe  
  34  3:02  Sentry  
  34  3:04  Phoenix  
  35  3:12  Nexus  
  35  3:13  Stalker  
  35  3:15  Probe  
  35  3:16  Shield Battery  
  38  3:21  Pylon  
  38  3:27  Probe  
  39  3:34  Robotics Facility  
  39  3:39  Probe  
  40  3:47  Probe  
  40  3:55  Adept x2  
  45  3:56  Probe  
  46  4:11  Probe  
  47  4:19  Warp Prism  
  47  4:21  Probe x2  
  49  4:29  Probe x2  
  53  4:39  Probe x2  
  53  4:50  Immortal  
  53  4:51  Probe x2  
  53  4:55  Stargate  
  53  4:56  Assimilator  
  57  5:02  Assimilator  
  57  5:03  Probe  
  59  5:08  Pylon  
  58  5:15  Adept x2  
  58  5:17  Pylon  
  62  5:26  Forge, Probe x2  
  64  5:29  Immortal  
  68  5:38  Probe x2, Phoenix  
  72  5:49  Zealot  
  74  5:51  Probe  
  75  6:01  Pylon  
  75  6:02  Protoss Ground Weapons Level 1  
  69  6:05  Twilight Council  
  69  6:10  Phoenix  
  67  6:24  Adept x2  
  71  6:27  Gateway x2  
  71  6:38  Gateway  
  71  6:42  Gateway  
  71  6:45  Charge  
  71  6:48  Templar Archives  
  71  7:02  Gateway  
  71  7:03  Gateway  
  71  7:08  Pylon  
  71  7:10  Pylon  
  71  7:23  Zealot x3  
  71  7:25  Nexus  
  71  7:27  Pylon  
  77  7:47  Pylon  
  77  7:48  High Templar x6, Protoss Ground Weapons Level 2  
  89  7:55  Archon x2  
  89  7:56  Archon  
  89  7:58  Zealot, Pylon  
  89  7:59  Zealot  
  89  8:01  Shield Battery  
  90  8:14  Probe x2  
  88  8:25  Zealot x3, High Templar x2  
  98  8:30  Archon  
  98  8:31  Observer  
  99  8:35  Probe  
  99  8:36  Probe  
  101  8:42  Zealot x3  
  107  8:49  Zealot x2  
  111  9:06  Zealot x5  
  121  9:14  Pylon  
  121  9:21  Photon Cannon  
  121  9:22  Photon Cannon  
  121  9:29  High Templar  
  121  9:30  Zealot, High Templar x3  
  131  9:34  Archon  
  131  9:41  Observer  
  127  9:45  Archon  
  127  9:48  Zealot x3  
  127  9:52  Probe  
  131  9:53  Zealot  
  122  10:01  Probe  
  122  10:02  Probe  
  122  10:03  Probe  
  122  10:05  Zealot  
  116  10:10  Probe x2  
  116  10:11  Probe  
  114  10:18  Probe  
  114  10:19  Probe  
  116  10:30  Probe  
  116  10:32  Probe x2  
  119  10:38  Probe  
  119  10:40  High Templar  
  119  10:42  High Templar  
  124  10:44  Probe  
  124  10:45  Probe  
  124  10:46  Archon  
  124  10:47  Probe  
  126  10:56  Probe  
  128  10:57  Probe  
  128  11:01  Probe  
  130  11:08  Probe  
  130  11:09  Probe  
  132  11:14  Probe  
  133  11:20  Probe  
  133  11:21  Probe  
  133  11:22  Photon Cannon  
  135  11:26  Probe  
  135  11:27  High Templar x2  
  135  11:30  Pylon  
  135  11:32  Probe, Archon, Pylon  
  141  11:41  Pylon  
  141  11:51  Zealot x5  
  151  12:06  High Templar x3  
  157  12:09  Pylon  
  157  12:11  Pylon  
  157  12:14  Protoss Ground Weapons Level 3, Archon  
  157  12:17  Zealot x3, High Templar  
  157  12:21  Archon  
  165  12:26  Pylon  
  165  12:27  Photon Cannon  
  165  12:28  Assimilator  
  165  12:31  Assimilator, Zealot  
  167  12:41  Zealot x4  
  135  12:51  Probe  
  135  12:52  Probe x2  
  135  12:58  High Templar x2  
  140  13:03  Archon  
  140  13:04  Photon Cannon, Probe, Zealot x4  
  151  13:19  Zealot x2  
  155  13:28  High Templar x4  
  155  13:30  Immortal  
  155  13:32  Archon  
  155  13:33  Archon  
  163  13:39  Zealot x4  
  171  13:47  Pylon  
  175  14:02  Immortal  
  175  14:08  Zealot x5  
  187  14:24  Photon Cannon  
  187  14:25  Shield Battery  
  187  14:26  Zealot  
  187  14:27  Zealot x2, Pylon  
  193  14:35  Zealot x2  
  194  14:48  Dark Shrine  
  190  14:53  Protoss Shields Level 1  
  190  14:54  Zealot x4  
  190  15:10  Photon Cannon  
  190  15:12  Photon Cannon  
  190  15:18  Observer  
  191  15:30  Nexus  
  181  16:04  Dark Templar x8  
  193  16:12  Photon Cannon  
  193  16:16  Observer  
  192  16:24  Photon Cannon  
  192  16:28  Photon Cannon  
  188  16:38  Photon Cannon  
  188  17:04  Robotics Facility, Robotics Bay  
  188  17:07  Shield Battery  
  188  17:09  Pylon  
  188  17:10  Archon x2  
  188  17:11  Archon  
  188  17:15  Observer  
  189  17:30  Assimilator  
  189  17:34  Assimilator  
  189  17:40  Disruptor  
  189  17:43  Disruptor  
  186  18:00  High Templar x6  
  186  18:01  Zealot x2  
  186  18:04  Archon x3  
  190  18:16  Gateway  
  190  18:17  Gateway  
  193  18:22  Zealot x2  
  169  18:38  Zealot x6  
Show
View Real Time Build Order
Export as new Build Order

ShaDoWn Protoss 

Build Orders: Phoenix Opening, Zealot Archon 

Get SALT Encoding   

  12  0:00  Probe  
  13  0:13  Probe  
  14  0:17  Pylon  
  14  0:24  Probe  
  15  0:32  Probe  
  15  0:38  Gateway  
  15  0:40  Probe  
  16  0:47  Assimilator  
  17  0:51  Probe  
  17  0:55  Assimilator  
  18  1:00  Probe  
  19  1:08  Probe, Gateway  
  19  1:17  Probe  
  20  1:25  Cybernetics Core  
  21  1:29  Probe  
  22  1:35  Pylon  
  22  1:42  Probe  
  23  1:54  Probe  
  24  1:55  Warp Gate  
  18  2:01  Stalker x2  
  24  2:08  Pylon  
  28  2:36  Nexus  
  28  2:37  Probe  
  29  2:40  Sentry  
  31  2:44  Sentry  
  34  2:55  Robotics Facility  
  33  2:58  Pylon  
  33  3:02  Probe  
  33  3:09  Pylon  
  33  3:14  Probe  
  33  3:18  Phoenix  
  34  3:26  Probe  
  35  3:29  Shield Battery  
  35  3:38  Probe  
  35  3:41  Immortal  
  36  3:45  Shield Battery  
  40  3:49  Probe  
  40  3:50  Probe  
  42  3:58  Probe  
  42  3:59  Probe  
  44  4:06  Probe  
  44  4:07  Probe  
  44  4:12  Immortal  
  44  4:15  Probe  
  44  4:17  Probe  
  46  4:22  Stalker  
  54  4:30  Shield Battery  
  54  4:31  Probe  
  55  4:32  Probe  
  55  4:41  Warp Prism  
  55  4:43  Probe  
  55  4:45  Probe  
  56  4:55  Probe  
  56  4:57  Probe, Pylon  
  56  4:59  Forge  
  58  5:07  Probe  
  58  5:09  Probe, Adept  
  62  5:15  Adept  
  62  5:18  Probe  
  62  5:19  Probe  
  62  5:20  Observer  
  66  5:22  Pylon  
  66  5:24  Assimilator  
  66  5:26  Probe  
  66  5:28  Assimilator  
  67  5:34  Twilight Council  
  68  5:35  Probe  
  68  5:36  Probe  
  68  5:37  Protoss Ground Weapons Level 1  
  70  5:47  Probe  
  71  5:51  Adept x2  
  74  5:57  Probe  
  72  6:08  Gateway  
  72  6:13  Probe  
  73  6:23  Templar Archives  
  73  6:30  Gateway  
  73  6:31  Zealot, Nexus  
  73  6:32  Gateway  
  75  6:33  Probe  
  75  6:37  Probe  
  75  6:45  Probe, Pylon  
  76  6:48  Gateway  
  76  6:55  Gateway  
  76  7:02  Gateway  
  76  7:04  Gateway  
  76  7:08  Pylon  
  76  7:15  Pylon  
  76  7:20  Probe  
  76  7:25  Pylon  
  76  7:28  Charge  
  75  7:36  High Templar x2  
  79  7:37  High Templar x2  
  79  7:38  Zealot  
  79  7:40  Dark Shrine  
  79  7:41  Archon  
  79  7:42  Archon  
  85  7:47  Probe, Pylon  
  85  7:49  Probe  
  86  7:52  Probe  
  87  7:59  Probe, Pylon  
  89  8:07  High Templar x2  
  89  8:08  Zealot x2  
  92  8:14  Probe x2, Shield Battery  
  92  8:15  Shield Battery  
  92  8:18  Probe  
  95  8:28  Archon  
  95  8:31  Zealot x2  
  99  8:35  Pylon  
  99  8:40  Zealot x2, High Templar x2  
  107  8:44  Archon  
  107  8:54  Probe  
  107  9:01  Probe  
  107  9:02  Probe  
  108  9:05  Pylon  
  108  9:07  Dark Templar x3  
  108  9:09  Probe  
  115  9:11  Assimilator  
  115  9:17  Dark Templar  
  115  9:21  Assimilator  
  117  9:26  Shield Battery  
  117  9:28  Forge, Zealot x3  
  123  9:44  Immortal  
  121  9:51  Zealot  
  121  9:52  Zealot x3  
  129  9:55  Protoss Ground Weapons Level 2  
  131  10:00  Shield Battery x2  
  131  10:02  Pylon  
  125  10:12  Zealot x2, High Templar x2  
  133  10:14  Pylon  
  133  10:16  Pylon  
  133  10:22  Archon  
  133  10:30  Zealot x2, High Templar  
  133  10:31  Zealot  
  141  10:36  Archon  
  141  10:39  High Templar  
  141  10:40  Zealot, High Templar  
  141  10:42  Archon, Pylon  
  147  10:45  Archon  
  147  10:54  High Templar  
  147  10:55  Zealot x3, High Templar  
  157  10:59  Archon  
  156  11:07  Stalker  
  158  11:18  Pylon  
  158  11:19  Photon Cannon, Pylon  
  158  11:34  High Templar  
  158  11:36  High Templar  
  158  11:38  Zealot x2  
  158  11:39  Zealot x3, High Templar x2  
  176  11:43  Archon  
  176  11:44  Archon  
  176  11:59  Zealot x2  
  180  12:05  Pylon  
  180  12:06  Pylon  
  178  12:09  High Templar, Pylon  
  178  12:10  Pylon  
  178  12:18  High Templar  
  178  12:20  Protoss Ground Weapons Level 3  
  180  12:23  High Templar x2  
  180  12:24  Zealot x5, High Templar  
  180  12:28  Archon x2  
  196  12:36  Warp Prism  
  196  12:37  Phoenix  
  147  12:51  Probe  
  147  12:54  Probe  
  147  12:55  High Templar  
  147  12:56  Zealot x7, High Templar  
  167  13:00  Archon  
  167  13:22  High Templar x2  
  167  13:26  Zealot x5  
  181  13:27  Archon  
  181  13:28  Warp Prism  
  181  13:48  Photon Cannon  
  181  13:49  High Templar x4  
  181  13:53  Archon x2  
  189  14:01  Nexus  
  189  14:03  Pylon  
  187  14:24  Dark Templar x4  
  187  14:25  Zealot x2  
  195  14:32  Photon Cannon x2  
  183  14:49  High Templar x2  
  173  14:58  Archon  
  164  15:01  Zealot x5, High Templar x2  
  178  15:10  Pylon  
  178  15:13  Archon  
  176  15:31  Templar Archives  
  176  15:35  Phoenix  
  176  15:36  Phoenix  
  176  15:42  Dark Templar x2  
  175  15:46  Zealot x7  
  186  16:08  High Templar x2  
  185  16:15  Archon  
  182  16:19  Robotics Facility  
  182  16:28  Pylon  
  182  16:31  Photon Cannon  
  182  16:33  Gateway  
  182  16:34  Gateway  
  182  16:38  Pylon  
  182  16:51  Pylon x2  
  182  16:53  Pylon  
  182  16:55  Pylon  
  181  17:04  Pylon  
  181  17:06  Archon, Pylon  
  181  17:14  Observer  
  181  17:17  Dark Templar  
  181  17:18  Dark Templar x2  
  188  17:22  Dark Templar  
  188  17:27  Archon  
  190  17:32  Observer  
  190  17:35  Archon  
  181  18:00  Zealot x4  
  163  18:29  Probe  
  129  18:37  Zealot x5  
Tags
 
Add a new tag
Caveats
  • Supply blocks, unpowered buildings, or Contaminate may cause inaccurate times.
  • Supply counts are checked every 10 seconds.